 Dungeon Crawl Stone Soup version 0.27.0-1-g7a089689b8 (webtiles) character file.

Game seed: 3650078179709379203

55122 inmateoo the Geomancer (level 14, -13/158 HPs)
             Began as a Grey Draconian Necromancer on Aug 10, 2021.
             Was the Champion of Vehumet.
             Mangled by a dire elephant simulacrum (32 damage)
             ... on level 6 of the Lair of Beasts.
             The game lasted 00:29:38 (17330 turns).

inmateoo the Geomancer (DrNe)                      Turns: 17330, Time: 00:29:38

Health: -13/158    AC: 26    Str:  7    XL:     14   Next: 37%
Magic:  27/27      EV: 14    Int: 20    God:    Vehumet [******]
Gold:   1029       SH:  4    Dex: 11    Spells: 12/32 levels left

rFire    + . .     SeeInvis .     - Unarmed
rCold    . . .     Faith    .   C - +0 buckler
rNeg     + . .     Spirit   .   (armour unavailable)
rPois    ∞         Reflect  .   (helmet restricted)
rElec    +         Harm     .   (no cloak)
rCorr    .         Rampage  .   (gloves currently unavailable)
Will     +....                  (boots currently unavailable)
Stlth    ++........             s - amulet of regeneration
HPRegen  1.36/turn              f - +4 ring of slaying
MPRegen  0.20/turn              z - ring of Rikh {Wiz rPois rF+ Str-5}

@: statue-form, invisible, very slow
A: slow and powerful, torment resistance 1, boosted hp, AC +13, amphibious,
unfitting armour, cold-blooded
a: End Transformation, Renounce Religion


You were on level 6 of the Lair of Beasts.
You worshipped Vehumet.
Vehumet was exalted by your worship.
You were a living statue of rough stone.
You visited 3 branches of the dungeon, and saw 18 of its levels.
You also visited: Ossuary and Gauntlet.

You collected 1029 gold pieces.

Inventory:

Hand Weapons
 a - a +9 vorpal flail
Missiles
 q - 12 javelins (quivered)
 v - 533 stones
Armour
 l - a +1 pair of gloves (melded)
 u - a +0 pair of boots (melded)
 C - a +0 buckler (worn)
Jewellery
 e - a ring of see invisible
 f - a +4 ring of slaying (left fist)
 s - an amulet of regeneration (around neck)
 w - the ring "Myamiax" {Ice rElec}
   (You found it in a Gauntlet)

   [ring of ice]

   It enhances your ice magic.
   rF:        It makes you vulnerable to fire.
   rC:        It protects you from cold.
   rElec:     It insulates you from electricity.
 z - the ring of Rikh (right fist) {Wiz rPois rF+ Str-5}
   (You found it in a Gauntlet)

   [ring of wizardry]

   It improves your spell success rate.
   Str:       It affects your strength (-5).
   rF:        It protects you from fire.
   rPois:     It protects you from poison.
Wands
 d - a wand of mindburst (44)
 h - a wand of flame (72)
 t - a wand of polymorph (30)
 E - a wand of iceblast (13)
 F - a wand of acid (12)
Scrolls
 b - 3 scrolls of magic mapping
 n - 5 scrolls of enchant armour
 r - 8 scrolls of teleportation
 y - 9 scrolls of identify
 B - 2 scrolls of fog
Potions
 g - 2 potions of magic
 i - 6 potions of flight
 j - 5 potions of haste
 k - 2 potions of heal wounds
 m - 4 potions of lignification
 o - 6 potions of curing
 p - 3 potions of might
 x - 4 potions of brilliance
 A - 4 potions of mutation
 I - a potion of resistance
Miscellaneous
 D - a phantom mirror


   Skills:
 + Level 10.8 Fighting
 - Level 4.0 Maces & Flails
 + Level 7.2 Dodging
 - Level 2.0 Stealth
 - Level 4.0 Shields
 + Level 10.5 Unarmed Combat
 + Level 9.5 Spellcasting
 - Level 6.0 Necromancy
 - Level 8.0 Transmutations
 - Level 14.0 Earth Magic
 + Level 5.5 Evocations


You had 12 spell levels left.
You knew the following spells:

 Your Spells              Type           Power      Damage    Failure   Level
a - Statue Form           Tmut/Erth      34%        N/A       4%          6
b - Vampiric Draining     Necr           16%        2d8       1%          3
c - Petrify               Tmut/Erth      52%        N/A       1%          4
d - Pain                  Necr           100%       1d9       1%          1
e - Sandblast             Erth           100%       2d20      0%          1
f - Blink                 Tloc           N/A        N/A       4%          2
g - Swiftness             Air            9%         N/A       9%          3

Your spell library contained the following spells:

 Spells                   Type           Power      Damage    Failure   Level
 Lee's Rapid Deconstruct  Erth           30%        3d17*     1%          5
 Animate Skeleton         Necr           66%        N/A       1%          1
 Shock                    Conj/Air       36%        1d5       1%          1
 Corpse Rot               Necr/Air       N/A        N/A       1%          2
 Ignite Poison            Fire/Tmut/Pois 20%        N/A       1%          3
 Spider Form              Tmut/Pois      12%        N/A       1%          3
 Animate Dead             Necr           16%        N/A       2%          4
 Dispel Undead            Necr           33%        3d14      2%          4
 Apportation              Tloc           18%        N/A       3%          1
 Corona                   Hex            10%        N/A       3%          1
 Summon Small Mammal      Summ           36%        N/A       3%          1
 Slow                     Hex            9%         N/A       4%          2
 Agony                    Necr           33%        N/A       7%          5
 Excruciating Wounds      Necr           16%        N/A       7%          5
 Call Canine Familiar     Summ           9%         N/A       9%          3
 Confusing Touch          Hex            9%         N/A       9%          3
 Ozocubu's Armour         Ice            9%         N/A       9%          3
 Airstrike                Air            4%         N/A       9%          4
 Summon Ice Beast         Ice/Summ       9%         N/A       28%         4
 Summon Lightning Spire   Summ/Air       9%         N/A       28%         4
 Death Channel            Necr           16%        N/A       34%         6
 Manifold Assault         Tloc           9%         N/A       58%         5
 Metabolic Englaciation   Hex/Ice        4%         N/A       58%         5
 Summon Mana Viper        Hex/Summ       9%         N/A       58%         5
 Simulacrum               Ice/Necr       10%        N/A       75%         6
 Haunt                    Necr/Summ      10%        N/A       99%         7
 Storm Form               Tmut/Air       12%        N/A       99%         7
 Monstrous Menagerie      Summ           4%         N/A       100%        7
 Infestation              Necr           16%        N/A       100%        8
 Maxwell's Capacitive Co  Air            4%         ∞         100%        8


Dungeon Overview and Level Annotations

Branches:
Dungeon (11/15)            Temple (1/1) D:4            Lair (6/6) D:11
 Shoals (0/4) Lair:2        Snake (0/4) Lair:3        Slime (0/5) Lair:6
    Orc (0/2) D:10        Ossuary (visited)         Gauntlet (visited)

Altars:
Ashenzari
Cheibriados
Dithmenos
Elyvilon
Fedhas
Gozag
Hepliaklqana
Kikubaaqudgha
Makhleb
Nemelex Xobeh
Okawaru
Qazlal
Ru
Sif Muna
Trog
Uskayaw
Vehumet
Wu Jian
Xom
Yredelemnul
Zin
The Shining One

Shops:
D:5 =   D:7 *

Annotations:
Lair:4 2 transporters, Lutiheq's ghost, journeyman DrTm


Innate Abilities, Weirdness & Mutations

You are a living statue of rough stone.
Your actions are slow, but your melee attacks are powerful.
You are resistant to unholy torment.
Your maximum health is greatly increased.
You are immune to poison.
Your equipment is partially melded.
((Your dull iron-grey scales are very hard. (AC +13)))
You are amphibious.
You cannot fit into any form of body armour.
You are cold-blooded and may be slowed by cold attacks.


Message History

The dire elephant simulacrum barely misses you.
The dire elephant simulacrum completely misses you.
You hit the dire elephant simulacrum.
You tail-slap the dire elephant simulacrum.
The dire elephant simulacrum is severely damaged.
The dire elephant simulacrum closely misses you.
The dire elephant simulacrum misses you.
You punch the dire elephant simulacrum!
The dire elephant simulacrum is severely damaged.
The dire elephant simulacrum tramples you!
The dire elephant simulacrum freezes you!!
You feel yourself slow down.
The dire elephant simulacrum barely misses you.
You pound the dire elephant simulacrum into fine dust!!!
The dire elephant simulacrum vaporises!
The dire elephant simulacrum closely misses you.
You block the dire elephant simulacrum's attack.
The dire elephant simulacrum tramples you but does no damage.
The dire elephant simulacrum trunk-slaps you.
The dire elephant simulacrum freezes you!!!
You hit the dire elephant simulacrum but do no damage.
You feel yourself speed up.
The dire elephant simulacrum tramples you but does no damage.
The dire elephant simulacrum trunk-slaps you but does no damage.
You hit the dire elephant simulacrum.
The dire elephant simulacrum is lightly damaged.
The dire elephant simulacrum tramples you!
The dire elephant simulacrum freezes you!!!
* * * LOW HITPOINT WARNING * * *
The dire elephant simulacrum closely misses you.
Okay, then.
You feel much better.
The dire elephant simulacrum closely misses you.
The dire elephant simulacrum barely misses you.
Okay, then.
You fade into invisibility!
The dire elephant simulacrum tramples you!
* * * LOW HITPOINT WARNING * * *
The dire elephant simulacrum freezes you!!
You die...

### ♣♣♣##.##### ♣.P.....P.#
♣♣........P## ♣♣........#..#
♣♣.♣♣####''#''######### #####
♣.♣♣ #8..#....8##.≈≈##8...8# ♣♣♣
#..P#P...8Z).≈≈≈'...)=#
#†#.####.8#.≈≈≈≈'...?)#
######)#....####.≈≈≈≈#8...8#
#8.....####...P#≈≈≈≈P#######
#......# ####.###≈.###8P8## #
#8.....##♣♣###...#####8.⌠.8####
##########♣P..P###.....†......(..
.♣#♣####♣P......♣########'''#####
................................♣


You could see a dire elephant simulacrum.

Vanquished Creatures
  A minotaur (Gauntlet)
  2 dire elephants (Lair:6)
  A blizzard demon (Gauntlet)
  6 hydras
  2 two-headed ogres
  8 death yaks
  Urug (Lair:4)
  2 slime creatures (Lair:6)
  A spectral death yak (Lair:6)
  A spectral anaconda (Lair:6)
  An obsidian statue (Lair:6)
  A wizard (Gauntlet)
  2 necromancers (Lair:6)
  An oklob plant (Lair:6)
  A manticore (Lair:2)
  12 elephants
  6 black mambas
  A gargoyle (D:11)
  3 torpor snails
  An ice statue (Gauntlet)
  11 cane toads
  6 rime drakes
  7 komodo dragons
  A tengu conjurer (D:11)
  2 ice devils (Gauntlet)
  3 trolls
  A wind drake (Lair:2)
  3 dream sheep (Lair:5)
  19 blink frogs
  50 yaks
  5 wyverns
  3 basilisks
  A steam dragon (D:6)
  4 vampire mosquitoes (D:11)
  A spectral cane toad (Lair:6)
  An acid dragon (D:8)
  2 wargs (D:9)
  Edmund (D:4)
  20 water moccasins
  Duvessa (D:4)
  2 sky beasts
  3 orc warriors
  A black bear (D:6)
  2 ice beasts (D:5)
  3 necrophages
  A hornet zombie (D:7)
  2 centaurs
  An elephant skeleton (Lair:6)
  A kobold brigand (D:11)
  11 bullfrogs
  4 scorpions
  Dowan (D:4)
  3 wyvern zombies
  A water moccasin zombie (D:5)
  A wyvern skeleton (D:7)
  2 jellies
  20 killer bees
  9 wights
  3 howler monkeys
  3 electric eels (Lair:1)
  2 centaur zombies
  5 hounds
  A gnoll shaman (D:5)
  7 orc priests
  Terence (D:3)
  5 iguanas
  6 orc wizards
  2 killer bee zombies (D:8)
  12 mummies (Ossuary)
  A howler monkey zombie (D:9)
  5 gnolls (D:5)
  4 adders
  A shadow imp (Gauntlet)
  6 white imps
  A worm (D:5)
  3 dart slugs
  27 orcs
  7 bats
  3 endoplasms
  3 giant cockroaches
  5 goblins
  6 hobgoblins
  5 jackals
  4 quokkas
  9 ball pythons
  3 frilled lizards
  3 gnoll skeletons (Ossuary)
  2 goblin skeletons (Ossuary)
  6 kobolds
  A kobold skeleton (Ossuary)
  2 orc skeletons (Ossuary)
  7 rats
  11 rat skeletons (Ossuary)
436 creatures vanquished.

Vanquished Creatures (others)
  31 fungi
  30 plants
  10 withered plants (Lair:6)
71 creatures vanquished.

Grand Total: 507 creatures vanquished

Notes
Turn   | Place    | Note
-------+----------+-------------------------------------------
     0 | D:1      | inmateoo the Draconian Necromancer began the quest for the
                  | Orb.
     0 | D:1      | Reached XP level 1. HP: 14/14 MP: 3/3
   386 | D:1      | Reached XP level 2. HP: 17/22 MP: 0/5
   691 | D:1      | Reached skill level 1 in Fighting
  1012 | D:1      | Reached XP level 3. HP: 27/28 MP: 4/6
  1031 | D:1      | Learned a level 1 spell: Animate Skeleton
  1035 | D:1      | Learned a level 3 spell: Vampiric Draining
  1449 | D:2      | Reached skill level 1 in Unarmed Combat
  1462 | D:2      | Found a faded altar of an unknown god.
  1992 | D:2      | Reached XP level 4. HP: 25/35 MP: 3/7
  2786 | D:3      | Noticed Terence
  2793 | D:3      | Killed Terence
  2996 | D:4      | Noticed Dowan
  2997 | D:4      | Noticed Duvessa
  3070 | D:4      | Reached skill level 5 in Necromancy
  3070 | D:4      | Reached XP level 5. HP: 41/41 MP: 7/9
  3138 | D:4      | Killed Duvessa
  3139 | D:4      | Reached XP level 6. HP: 40/50 MP: 6/10
  3142 | D:4      | Killed Dowan
  3621 | D:4      | Found a staircase to the Ecumenical Temple.
  3649 | Temple   | Entered the Ecumenical Temple
  3931 | Temple   | Became a worshipper of Vehumet
  3952 | D:4      | Noticed Edmund
  3991 | D:4      | Killed Edmund
  3992 | D:4      | Your scales start taking on a dull iron-grey colour.
  3992 | D:4      | Reached XP level 7. HP: 26/57 MP: 10/12
  4300 | D:4      | Found a hazy altar of Hepliaklqana.
  4392 | D:5      | Entered Level 5 of the Dungeon
  4754 | D:5      | Reached skill level 5 in Fighting
  4833 | D:5      | Reached XP level 8. HP: 37/68 MP: 14/14
  5218 | D:5      | Reached skill level 5 in Unarmed Combat
  5374 | D:5      | Found Xuatufug's Jewellery Emporium.
  5693 | D:6      | Reached * piety under Vehumet
  5693 | D:6      | Offered knowledge of Foxfire by Vehumet.
  5740 | D:6      | Reached skill level 1 in Maces & Flails
  5740 | D:6      | Reached skill level 1 in Shields
  6177 | D:6      | Reached XP level 9. HP: 78/78 MP: 15/15
  6818 | D:7      | Found Oxat's General Store.
  6958 | D:7      | Reached skill level 5 in Spellcasting
  7159 | D:7      | Noticed a two-headed ogre
  7169 | D:7      | Killed a two-headed ogre
  7780 | D:8      | Reached ** piety under Vehumet
  7812 | D:8      | Offered knowledge of Sandblast by Vehumet.
  7825 | D:8      | Learned a level 1 spell: Sandblast
  7840 | D:8      | Reached XP level 10. HP: 58/88 MP: 8/18
  7868 | D:8      | Found a sand-covered staircase.
  7873 | Ossuary  | Entered an ossuary
  8091 | Ossuary  | Offered knowledge of Searing Ray by Vehumet.
  8829 | D:9      | Reached skill level 1 in Earth Magic
  9395 | D:9      | Reached skill level 2 in Earth Magic
  9598 | D:9      | Reached *** piety under Vehumet
  9821 | D:9      | Reached skill level 5 in Dodging
  9952 | D:10     | Entered Level 10 of the Dungeon
  9952 | D:10     | Found a staircase to the Orcish Mines.
  9964 | D:9      | Reached skill level 3 in Earth Magic
 10006 | D:9      | Learned a level 6 spell: Statue Form
 10149 | D:9      | Reached skill level 4 in Earth Magic
 10154 | D:9      | Offered knowledge of Ignite Poison by Vehumet.
 10206 | D:9      | Learned a level 2 spell: Blink
 10214 | D:9      | Reached skill level 1 in Transmutations
 10590 | D:10     | Reached XP level 11. HP: 63/97 MP: 21/21
 10731 | D:11     | Noticed a two-headed ogre
 10855 | D:11     | Reached **** piety under Vehumet
 10885 | D:11     | Reached skill level 5 in Earth Magic
 11047 | D:11     | Killed a two-headed ogre
 11047 | D:11     | Offered knowledge of Mephitic Cloud by Vehumet.
 11053 | D:11     | Reached skill level 6 in Earth Magic
 11427 | D:11     | Found a staircase to the Lair.
 11556 | Lair:1   | Entered Level 1 of the Lair of Beasts
 11647 | Lair:1   | Reached skill level 7 in Earth Magic
 11662 | Lair:1   | Reached skill level 5 in Transmutations
 11788 | Lair:1   | Reached skill level 8 in Earth Magic
 11802 | Lair:1   | Reached ***** piety under Vehumet
 11865 | Lair:1   | Found a gate leading to a gauntlet.
 11913 | Gauntlet | Entered a Gauntlet
 11913 | Gauntlet | Found a transporter.
 11920 | Gauntlet | Found a transporter.
 11922 | Gauntlet | Found a transporter.
 11933 | Gauntlet | Found a transporter.
 11936 | Gauntlet | Found a transporter.
 11944 | Gauntlet | Found a transporter.
 11946 | Gauntlet | Noticed a wolf spider
 11968 | Gauntlet | Noticed a wretched star
 11969 | Gauntlet | Found a transporter.
 11977 | Gauntlet | Found a transporter.
 11988 | Gauntlet | Found a transporter.
 11991 | Gauntlet | Noticed a blizzard demon
 12007 | Gauntlet | Found a transporter.
 12015 | Gauntlet | Noticed a wizard
 12021 | Gauntlet | Found a transporter.
 12021 | Gauntlet | Found a transporter.
 12069 | Gauntlet | Found a transporter.
 12083 | Gauntlet | Found a transporter.
 12128 | Gauntlet | Learned a level 4 spell: Petrify
 12132 | Gauntlet | Learned a level 3 spell: Swiftness
 12233 | Gauntlet | Identified the ring "Myamiax" {Ice rElec}
 12318 | Gauntlet | Offered knowledge of Sticky Flame by Vehumet.
 12320 | Gauntlet | Killed a wizard
 12373 | Gauntlet | Killed a blizzard demon
 12374 | Gauntlet | Reached XP level 12. HP: 60/104 MP: 12/23
 12387 | Gauntlet | Identified the ring of Rikh {Wiz rPois rF+ Str-5}
 12451 | Gauntlet | Identified the +11 longbow of the Silent Majority {vorpal,
                  | rN+ MP+9 Str-5}
 12451 | Gauntlet | Noticed a minotaur
 12460 | Gauntlet | Killed a minotaur
 12461 | Gauntlet | Reached skill level 9 in Earth Magic
 13022 | Lair:2   | Found a staircase to the Shoals.
 13037 | Lair:2   | Reached skill level 10 in Earth Magic
 13620 | Lair:3   | Noticed a four-headed hydra
 13630 | Lair:3   | Killed a four-headed hydra
 13631 | Lair:3   | Reached skill level 11 in Earth Magic
 13874 | Lair:3   | Reached skill level 12 in Earth Magic
 13949 | Lair:3   | Found a staircase to the Snake Pit.
 14048 | Lair:3   | Reached skill level 13 in Earth Magic
 14555 | Lair:4   | Reached XP level 13. HP: 68/111 MP: 9/25
 14600 | Lair:4   | Found a transporter.
 14681 | Lair:4   | Noticed Urug
 14694 | Lair:4   | Killed Urug
 14752 | Lair:4   | Reached skill level 14 in Earth Magic
 14797 | Lair:4   | Reached skill level 1 in Evocations
 14946 | Lair:4   | Found a shimmering altar of Xom.
 15040 | Lair:4   | Found a transporter.
 15043 | Lair:4   | Noticed Lutiheq's ghost (journeyman DrTm)
 15045 | Lair:4   | Found a bloodstained altar of Trog.
 16329 | Lair:6   | Entered Level 6 of the Lair of Beasts
 16390 | Lair:6   | Reached skill level 10 in Fighting
 16425 | Lair:6   | Found a staircase to the Slime Pits.
 16485 | Lair:6   | Reached skill level 10 in Unarmed Combat
 16733 | Lair:6   | Got Qitrety's Catalogue of Poisoning and Summoning
 16810 | Lair:6   | Reached XP level 14. HP: 121/121 MP: 23/27
 17044 | Lair:6   | Reached skill level 5 in Evocations
 17152 | Lair:6   | Reached ****** piety under Vehumet
 17320 | Lair:6   | Offered knowledge of Lee's Rapid Deconstruction by Vehumet.
 17330 | Lair:6   | Mangled by a dire elephant simulacrum

Illustrated notes

Levels and vault maps discovered:
D:1:      matt_arrival_los_fun, layout_rooms, st_stairs_13
D:2:      layout_basic, hellmonk_ecumenical_altar_blasted,
          kennysheep_pointless_box
D:3:      minmay_general_purpose_star, layout_loops_cross, uniq_terence
D:4:      layout_basic, mainiacjoe_overflow_surrounded_room, temple_green,
          uniq_duvessa, uniq_edmund
D:5:      layout_basic, serial_curves, eino_curves_02, eino_curves_03,
          eino_curves_04, eino_curves_03, serial_shops, shop
D:6:      layout_loops_cross
D:7:      layout_basic, serial_shops, kennysheep_mini_moat
D:8:      layout_basic, enter_ossuary_5
D:9:      layout_basic
D:10:     layout_rooms, david_orc_3
D:11:     layout_rooms, grunt_lair_entry_orc_guard_hut, eino_jars
Temple:   regret_index_temple_sigil_plot
Lair:1:   layout_regular_city, gauntlet_entry_generic, serial_bayou_pond_d,
          chequers_serial_rivers_small_3, nicolae_quartered_pool_little,
          serial_bayou_pond_b, serial_bayou_shore_b, lemuel_fruit_tree
Lair:2:   layout_regular_city, minmay_shoals_entry_beasts, serial_bayou_shore_b,
          grunt_megastairs_5
Lair:3:   layout_long_grid, minmay_snake_entry_six_corridors, serial_rivers,
          chequers_serial_rivers_micro_c, chequers_serial_rivers_micro_b,
          chequers_serial_rivers_micro_a, chequers_serial_rivers_small_a,
          lemuel_fruit_fields
Lair:4:   layout_regular_city, gammafunk_ghost_wrathful_warriors, basic_altar,
          uniq_urug
Lair:5:   layout_regular_city, minivault_25
Lair:6:   due_jungle_book, layout_regular_city, minmay_slime_entry_pillars,
          minmay_lair_oklob_items, chequers_serial_rivers_micro_b,
          serial_bayou_shore_b, infiniplex_staircase_pool_2

Skill      XL: |  1  2  3  4  5  6  7  8  9 10 11 12 13 14 |
---------------+-------------------------------------------+-----
Stealth        | 2 |  2.0
Fighting       | 1 2 3 5 6 7 9 10 | 10.8
Dodging        | 2 4 5 6 7 |  7.2
Unarmed Combat | 1 2 3 4 6 7 8 9 10 | 10.5
Necromancy     | 5 6 |  6.0
Spellcasting   | 3 4 5 6 7 8 9 |  9.5
Maces & Flails | 1 3 4 |  4.0
Shields        | 1 3 4 |  4.0
Earth Magic    | 4 8 13 14 | 14.0
Transmutations | 1 6 8 |  8.0
Evocations     | 4 5 |  5.5

Action                   |  1- 3 |  4- 6 |  7- 9 | 10-12 | 13-15 || total
-------------------------+-------+-------+-------+-------+-------++-------
Melee: Unarmed           |    10 |       |       |   203 |   398 ||   611
       Tailslap          |     4 |     6 |    26 |    68 |    43 ||   147
       Dagger            |    61 |    60 |    15 |       |       ||   136
       Flail             |       |       |   179 |   487 |       ||   666
       Punch             |       |       |     1 |     5 |       ||     6
Throw: Dart              |       |     9 |     8 |    10 |       ||    27
 Cast: Pain              |    24 |     2 |       |       |       ||    26
       Vampiric Draining |     1 |     2 |     3 |       |       ||     6
       Sandblast         |       |       |       |    12 |       ||    12
       Statue Form       |       |       |       |    23 |    31 ||    54
Evoke: Wand              |       |       |     3 |     6 |     7 ||    16
  Use: Scroll            |     2 |     6 |     9 |    12 |     2 ||    31
       Potion            |       |       |       |     7 |     2 ||     9
 Stab: Sleeping          |     3 |     3 |     3 |     5 |     1 ||    15
       Invisible         |       |       |       |     3 |       ||     3
Armor: Skin              |    24 |    18 |   110 |   359 |   327 ||   838
Dodge: Dodged            |    53 |    32 |   132 |   563 |   343 ||  1123
Block: Buckler           |       |       |       |   159 |   104 ||   263
